 Dungeon Crawl Stone Soup version 0.29.0-4-gdea44cf6ec (webtiles) character file.

Game seed: 431367065635734300

57 qw the Ruffian (level 4, 0/35 HPs)
             Began as a Ghoul Fire Elementalist on Aug 29, 2022.
             Slain by a gnoll
             ... wielding a +0 spear
              (4 damage)
             ... on level 2 of the Dungeon.
             The game lasted 00:01:19 (1469 turns).

qw the Ruffian (Ghoul Fire Elementalist)            Turns: 1469, Time: 00:01:20

Health: 0/35       AC:  6    Str: 13    XL:     4   Next: 0%
Magic:  5/5        EV: 10    Int: 10    God:
Gold:   60         SH:  0    Dex:  9    Spells: 5/6 levels left

rFire   . . .      SeeInvis .     - Unarmed
rCold   + . .      Faith    .   (no shield)
rNeg    + + +      Spirit   .   n - +0 ring mail
rPois   inf        Reflect  .   (no helmet)
rElec   .          Harm     .   g - +0 cloak
rCorr   .          Rampage  .   (no gloves)
Will    .....                   (no boots)
Stlth   +.........              (no amulet)
HPRegen 0.00/turn               (no ring)
MPRegen 0.09/turn               (no ring)

@: inhibited regen
A: claws 1, cold resistance 1, negative energy resistance 3, inhibited
regeneration, torment resistance 2, devour on kill
a: no special abilities


You were on level 2 of the Dungeon.
You visited 1 branch of the dungeon, and saw 2 of its levels.

You collected 60 gold pieces.


Innate Abilities, Weirdness & Mutations

You are immune to poison.
You have sharp fingernails.
Your flesh is cold resistant. (rC+)
You are immune to negative energy. (rN+++)
You do not regenerate when monsters are visible.
You are immune to unholy pain and torment.
You thrive by killing the living.


   Skills:
 - Level 1.2 Fighting
 - Level 1.7 Dodging
 - Level 2.1 Stealth
 + Level 3.4 Unarmed Combat
 - Level 1.7 Spellcasting
 - Level 0.7 Conjurations
 - Level 2.4 Fire Magic


You had 5 spell levels left.
You knew the following spells:

 Your Spells              Type           Power      Damage    Failure   Level
a - Foxfire               Conj/Fire      16%        2x1d4     36%         1

Your spell library contained the following spells:

 Spells                   Type           Power      Damage    Failure   Level
 Scorch                   Fire           10%        2d6       36%         2
 Conjure Flame            Conj/Fire      4%         6-21      73%         3
 Inner Flame              Hex/Fire       3%         N/A       78%         3
 Flame Wave               Conj/Fire      4%         2d5       98%         4

Inventory:

Armour
 g - a +0 cloak (worn)
 n - a +0 ring mail (worn)
Scrolls
 a - a scroll of vulnerability {unknown}
 d - a scroll of brand weapon {unknown}
Potions
 b - a potion of brilliance {unknown}
 c - a potion of invisibility {unknown}
 h - a potion of degeneration {unknown}
 m - a potion of heal wounds {unknown}

Dungeon Overview and Level Annotations

Branches:
Dungeon (2/15)

Altars:


Message History

You scratch the dart slug but do no damage.
The dart slug is lightly wounded.
You scratch the dart slug.
The dart slug is severely wounded.
The dart slug misses you.
You claw the dart slug!
You kill the dart slug!
A quokka comes into view.
You claw the quokka!
You kill the quokka!
A gnoll comes into view. It is wielding a +2 whip of holy wrath.
The gnoll shouts!
You hear a shout! x2
A gnoll comes into view. It is wielding a +0 spear.
The gnoll throws a throwing net.
The throwing net closely misses you. 2 gnolls come into view.
The gnoll barely misses you.
The gnoll hits you from afar with a +0 spear.
The gnoll moves out of view.
You claw the gnoll!
The gnoll is heavily wounded.
The gnoll hits you with a +2 whip of holy wrath.
You convulse.
The gnoll hits you but does no damage.
You scratch the gnoll but do no damage.
The gnoll is heavily wounded.
The gnoll hits you with a +2 whip of holy wrath.
You convulse.
The gnoll barely misses you.
You closely miss the gnoll.
The gnoll is heavily wounded.
The gnoll hits you from afar with a +0 spear.
The gnoll hits you but does no damage.
You claw the gnoll!
You kill the gnoll!
You feel better.
You have reached level 4!
The gnoll hits you with a +0 spear.
Things that are here:
a +2 whip of holy wrath; a throwing net You closely miss the gnoll.
The gnoll hits you with a +0 spear.
You die...

#........#### ##
#.######## #.. #.# #.#
### #.# #.#... #.#
#.#.###
###.############......
..............(..#.####
###...................#
##############@#.##.#
#g# # #g# #.# #.# #..
###


You could see 2 gnolls.

Vanquished Creatures
  A gnoll (D:2)
  2 adders (D:2)
  A dart slug (D:2)
  3 goblins
  A hobgoblin (D:1)
  2 jackals (D:1)
  2 quokkas
  3 ball pythons (D:1)
  6 bats
  A frilled lizard (D:1)
  4 kobolds
  4 rats (D:2)
30 creatures vanquished.

Notes
Turn   | Place    | Note
-------+----------+-------------------------------------------
     0 | D:1      | qw the Ghoul Fire Elementalist began the quest for the Orb.
     0 | D:1      | Reached XP level 1. HP: 14/14 MP: 2/2
     0 | D:1      | 0 ||| qw: Version: 0.1-a-90-g952f4b7
     0 | D:1      | 0 ||| qw: Game counter: 3667
     0 | D:1      | 0 ||| qw: Always use a shield: true
     0 | D:1      | 0 ||| qw: God list: Okawaru
     0 | D:1      | 0 ||| qw: Allow faded altars: false
     0 | D:1      | 0 ||| qw: Do Orc after D:15 true
     0 | D:1      | 0 ||| qw: Do second Lair branch before Depths: true
     0 | D:1      | 0 ||| qw: Lair rune preference: random
     0 | D:1      | 0 ||| qw: Plans: Normal
     0 | D:1      | 0 ||| PLANNING D:1-11
   162 | D:1      | Reached skill level 1 in Unarmed Combat
   289 | D:1      | Found a faded altar of an unknown god.
   353 | D:1      | Reached skill level 1 in Fighting
   353 | D:1      | Reached XP level 2. HP: 23/23 MP: 3/3
   992 | D:1      | 992 ||| UPGRADING to +0 cloak.
   997 | D:1      | 997 ||| UPGRADING to +0 ring mail.
  1007 | D:1      | 1007 ||| DROPPING +0 robe.
  1008 | D:1      | 1008 ||| READING scroll labelled TEAFAC EFEVULO.
  1012 | D:1      | 1012 ||| READING scroll labelled COPHUDGHELAIC.
  1013 | D:1      | 1013 ||| READING scroll labelled SOSSUO LODE.
  1014 | D:1      | 1014 ||| READING scroll labelled TIR GUSIYZONIMM.
  1015 | D:1      | 1015 ||| READING scroll labelled WAEGGI REUC.
  1016 | D:1      | 1016 ||| READING scroll labelled WARULAALATT.
  1017 | D:1      | 1017 ||| DRINKING 2 ruby potions.
  1018 | D:1      | 1018 ||| DROPPING potion of magic.
  1019 | D:1      | 1019 ||| DROPPING potion of flight.
  1078 | D:2      | Reached skill level 2 in Unarmed Combat
  1078 | D:2      | Reached XP level 3. HP: 24/28 MP: 4/4
  1377 | D:2      | Reached skill level 3 in Unarmed Combat
  1466 | D:2      | HP: 5/28 [gnoll/+0 spear (5)]
  1468 | D:2      | Reached XP level 4. HP: 9/35 MP: 5/5
  1469 | D:2      | Slain by a gnoll

Levels and vault maps discovered:
D:1:      sevenhm_arrival_forest_fort_small_6, layout_loops_ring,
          shapermc_ecumenical_altar_rom_forum
D:2:      layout_basic, grunt_ministairs_6, minmay_shallow_snake_nest

Skill      XL: |  1  2  3 |
---------------+----------+-----
Unarmed Combat | 1 2 3 |  3.4
Fighting       | 1 |  1.2
Dodging        | |  1.7
Stealth        | |  2.1
Spellcasting   | |  1.7
Conjurations   | |  0.7
Fire Magic     | |  2.4

Action                   |  1- 3 |  4- 6 || total
-------------------------+-------+-------++-------
Melee: Unarmed           |   107 |     1 ||   108
       Punch             |     2 |       ||     2
  Use: Scroll            |     6 |       ||     6
       Potion            |     1 |       ||     1
Armor: Robe              |     6 |       ||     6
       Ring mail         |    30 |       ||    30
Dodge: Dodged            |    77 |       ||    77

Table legend:
 A = Non-vault XP
 B = Vault XP
 C = Vault XP percentage of total XP
 D = Non-vault monster count
 E = Vault monster count
 F = Vault count percentage of total count
                 A         B        C        D         E       F
            +---------+---------+-------+---------+---------+-------
      Total |      82 |       0 |   0.0 |      30 |       0 |   0.0
            +---------+---------+-------+---------+---------+-------
        D:1 |      23 |       0 |   0.0 |      14 |       0 |   0.0
        D:2 |      59 |       0 |   0.0 |      16 |       0 |   0.0
            +---------+---------+-------+---------+---------+-------
